 Dungeon Crawl Stone Soup version 0.19.0-2-gae57169 (webtiles) character file.

5474 nikopol the Spear-Bearer (level 10, -2/135 HPs)
             Began as a Minotaur Berserker on Nov 6, 2016.
             Was a High Priest of Trog.
             Slain by Snorg (6 damage)
             ... on level 10 of the Dungeon.
             The game lasted 00:31:01 (9365 turns).

nikopol the Spear-Bearer (Minotaur Berserker)       Turns: 9365, Time: 00:31:02

Health: -2/135     AC: 15    Str: 28    XL:     10   Next: 42%
Magic:  3/3        EV: 12    Int:  6    God:    Trog [*****.]
Gold:   690        SH:  0    Dex: 12    Spells: 0 memorised, 9 levels left

rFire  . . .     SeeInvis .     a - +3 glaive (antimagic)
rCold  . . .     Gourm    .     O - +0 chain mail
rNeg   . . .     Faith    .     (shield currently unavailable)
rPois  .         Spirit   .     (helmet restricted)
rElec  .         Reflect  .     K - +0 cloak
rCorr  .         Harm     +     u - +0 pair of gloves
MR     .....                    j - +0 pair of boots
Stlth  ..........               y - amulet of harm
                                (no ring)
                                i - +2 ring of intelligence

@: berserking, very quick
A: retaliatory headbutt, horns 2
a: Berserk, Trog's Hand, Brothers in Arms, Burn Spellbooks, Renounce Religion


You were on level 10 of the Dungeon.
You worshipped Trog.
Trog was extremely pleased with you.
You were not hungry.

You visited 1 branch of the dungeon, and saw 10 of its levels.

You collected 690 gold pieces.

Inventory:

Hand Weapons
 a - a +3 antimagic glaive (weapon)
 z - a +0 hand crossbow
 Q - a +0 spear
Missiles
 J - 54 bolts (quivered)
Armour
 b - a +0 animal skin
 h - a +0 scale mail
 j - a +0 pair of boots (worn)
 u - a +0 pair of gloves (worn)
 K - a +0 cloak (worn)
 O - a +0 chain mail (worn)
Jewellery
 i - a +2 ring of intelligence (left hand)
 w - an uncursed ring of resist corrosion {unknown}
 x - an uncursed amulet of regeneration {unknown}
 y - an amulet of harm (around neck)
 I - an uncursed amulet of magic regeneration {unknown}
 N - an uncursed ring of protection from cold {unknown}
 U - an uncursed ring of protection from fire {unknown}
Wands
 P - a wand of paralysis (15/24)
 S - a wand of acid (8/15)
Scrolls
 c - 4 scrolls of enchant weapon {unknown}
 d - 5 scrolls of amnesia {unknown}
 f - 3 scrolls of immolation {unknown}
 g - 4 scrolls of remove curse {unknown}
 m - 2 scrolls of random uselessness {unknown}
 q - 8 scrolls of identify {unknown}
 s - 2 scrolls of fog {unknown}
 v - 3 scrolls of recharging {unknown}
 E - a scroll of enchant armour {unknown}
 G - a scroll of teleportation {unknown}
 H - a scroll of fear {unknown}
 R - a scroll of magic mapping {unknown}
Potions
 e - a potion of might {unknown}
 l - 5 potions of heal wounds {unknown}
 n - a potion of cancellation {unknown}
 o - 3 potions of agility {unknown}
 p - 13 potions of degeneration
 t - 3 potions of lignification {unknown}
 B - a potion of berserk rage {unknown}
 D - 3 potions of resistance
 F - a potion of haste {unknown}
 M - 6 potions of curing {unknown}
Books
 L - a book of Misfortune

   Spells                             Type                      Level
   a - Confusing Touch                Hexes                        1
   b - Confuse                        Hexes                        3
   c - Gell's Gravitas                Hexes/Translocation          3
   d - Petrify                        Transmutation/Earth          4
   e - Metabolic Englaciation         Hexes/Ice                    5
   f - Yara's Violent Unravelling     Hexes/Transmutation          5
   Trog disapproves of the use of such an item.
 T - Ujem Kuo's Compendium of Gliding Enchantment
   (You found it on level 9 of the Dungeon)

   Spells                             Type                      Level
   a - Corona                         Hexes                        1
   b - Swiftness                      Charms/Air                   2
   c - Static Discharge               Conjuration/Air              3
   d - Yara's Violent Unravelling     Hexes/Transmutation          5
   e - Tornado                        Air                          9
   Trog disapproves of the use of such an item.
Comestibles
 k - 6 meat rations
 r - 3 slices of pizza
 A - 6 beef jerkies
 C - 4 bread rations
 V - 8 royal jellies
 W - 7 chunks of flesh


   Skills:
 + Level 8.4 Fighting
 * Level 10.6 Polearms
 * Level 7.4 Crossbows
 + Level 8.3 Armour
 + Level 7.3 Dodging


You had 9 spell levels left.
You didn't know any spells.

Dungeon Overview and Level Annotations

Branches:
Dungeon (10/15)            Temple (0/1) D:5             Orc (0/2) D:9
   Lair: D:8-11

Altars:
Dithmenos
Elyvilon
Kikubaaqudgha
Nemelex Xobeh
Okawaru
Qazlal
Ru
Sif Muna
Trog
Yredelemnul
Zin
The Shining One

Shops:
D:5 (   D:6 }   D:7 (:

Annotations:
D:10 Snorg


Innate Abilities, Weirdness & Mutations

You reflexively headbutt those who attack you in melee.
You have a pair of horns on your head.


Message History

You feel magic leave you.
a - a +3 antimagic glaive (weapon)
Snorg closely misses you. x2; Snorg claws you!
You hit Snorg.
Snorg is lightly wounded.
Snorg bites you! Snorg barely misses you. Snorg claws you! Snorg bites you.
Snorg claws you! x2
* * * LOW HITPOINT WARNING * * *
You are too injured to fight recklessly!
You are too injured to fight recklessly!
You are too injured to fight recklessly!
A red film seems to cover your vision as you go berserk!
You feel yourself moving faster!
You feel mighty!
You feel quite a bit more hungry. Snorg bites you but does no damage.
Snorg closely misses you. Snorg claws you!
* * * LOW HITPOINT WARNING * * *
You slash Snorg! You headbutt Snorg!
Snorg is moderately wounded.
Snorg completely misses you. Snorg barely misses you. Snorg claws you.
You die...

#... ###########
######...###.....#...#
.(...............#...#
..........#......#...#
................##...#
....(.#.#...###......#
.....(#...########...#
......T..## ##.......#
.###.#@## #..###...#
#...#####.## #...#
#<..##.#..# #####
#....#...## #..#.....#
#.....##<##### ..#..#
#.....# #......
#..##.# ..# #..##.#


You could see Snorg (berserk).

Vanquished Creatures
  A queen bee (D:9)
  Grinder (D:6)
  A hippogriff (D:8)
  3 yaks (D:9)
  A hungry ghost (D:9)
  Edmund (D:5)
  A swamp drake (D:9)
  2 sky beasts
  An orc warrior (D:9)
  4 ogres
  A phantom (D:4)
  2 centaurs (D:9)
  3 big kobolds
  3 bullfrogs
  A scorpion (D:9)
  2 water moccasin skeletons (D:8)
  22 killer bees
  A howler monkey (D:4)
  A quasit (D:9)
  2 crimson imps
  2 centaur skeletons (D:6)
  4 hounds
  A jelly (D:7)
  14 orc priests
  2 bullfrog skeletons (D:8)
  7 orc wizards
  7 iguanas
  10 worker ants
  A hound zombie (D:7)
  A hound skeleton (D:6)
  A howler monkey zombie (D:8)
  7 gnolls
  9 adders
  3 shadow imps
  2 adder skeletons
  3 worms
  A dart slug (D:4)
  6 leopard geckos
  35 orcs
  2 ball pythons
  6 bats
  5 giant cockroaches
  8 goblins
  5 hobgoblins
  26 jackals
  20 kobolds
  2 quokkas
  5 frilled lizards
  A jackal skeleton (D:4)
  A jackal zombie (D:6)
  A quokka zombie (D:6)
  4 rats
256 creatures vanquished.

Notes
Turn   | Place    | Note
-------+----------+-------------------------------------------
     0 | D:1      | nikopol the Minotaur Berserker began the quest for the Orb.
     0 | D:1      | Reached XP level 1. HP: 19/19 MP: 0/0
   345 | D:1      | Reached skill level 4 in Polearms
   346 | D:1      | Reached XP level 2. HP: 15/27 MP: 1/1
  1321 | D:2      | Reached ** piety under Trog
  1321 | D:2      | Reached XP level 3. HP: 32/33 MP: 2/2
  1573 | D:2      | Found an ancient bone altar of Kikubaaqudgha.
  1633 | D:2      | Found a white marble altar of Elyvilon.
  1916 | D:2      | Found a deep blue altar of Sif Muna.
  1920 | D:2      | Found a bloodstained altar of Trog.
  1921 | D:2      | Found a stormy altar of Qazlal.
  1922 | D:2      | Found an iron altar of Okawaru.
  1922 | D:2      | Found a sparkling altar of Nemelex Xobeh.
  1926 | D:2      | Found a shadowy altar of Dithmenos.
  1927 | D:2      | Found a sacrificial altar of Ru.
  1959 | D:2      | Reached XP level 4. HP: 40/40 MP: 3/3
  2840 | D:4      | Reached skill level 5 in Polearms
  2840 | D:4      | Reached XP level 5. HP: 31/47 MP: 4/4
  3228 | D:4      | Reached *** piety under Trog
  3273 | D:4      | Reached skill level 5 in Fighting
  3273 | D:4      | Reached XP level 6. HP: 56/56 MP: 5/5
  3719 | D:5      | Entered Level 5 of the Dungeon
  3727 | D:5      | Noticed Edmund
  3743 | D:5      | Killed Edmund
  3743 | D:5      | Reached skill level 6 in Polearms
  3743 | D:5      | Reached skill level 5 in Armour
  3743 | D:5      | Reached XP level 7. HP: 50/62 MP: 6/6
  3752 | D:5      | You fall through a shaft for 2 floors!
  3909 | D:7      | Reached skill level 5 in Dodging
  4402 | D:5      | Found Ecvux's Antique Weapon Emporium.
  4440 | D:5      | Found a staircase to the Ecumenical Temple.
  4521 | D:5      | Reached skill level 7 in Polearms
  4521 | D:5      | Reached XP level 8. HP: 70/71 MP: 7/7
  4627 | D:5      | Reached skill level 1 in Crossbows
  4789 | D:5      | Found a glowing silver altar of Zin.
  5227 | D:6      | Found Apasue's Gadget Emporium.
  5316 | D:6      | Noticed Grinder
  5319 | D:6      | Killed Grinder
  5486 | D:6      | Reached **** piety under Trog
  5942 | D:6      | Reached skill level 8 in Polearms
  6320 | D:7      | Found a faded altar of an unknown god.
  6320 | D:7      | Found a faded altar of an unknown god.
  6325 | D:7      | Found a faded altar of an unknown god.
  6327 | D:7      | Found a faded altar of an unknown god.
  6329 | D:7      | Found a basalt altar of Yredelemnul.
  6374 | D:7      | Found Roove's Antique Weapon Boutique.
  6440 | D:7      | Found Duoclac's Book Shoppe.
  6596 | D:8      | Reached XP level 9. HP: 79/79 MP: 8/8
  6959 | D:8      | Reached skill level 5 in Crossbows
  6970 | D:8      | Reached ***** piety under Trog
  7457 | D:8      | Reached skill level 9 in Polearms
  7734 | D:9      | Received a gift from Trog
  7935 | D:9      | Found a staircase to the Orcish Mines.
  8240 | D:9      | Identified Ujem Kuo's Compendium of Gliding Enchantment
  8269 | D:9      | Found a glowing golden altar of the Shining One.
  8343 | D:9      | Reached skill level 10 in Polearms
  8349 | D:9      | Reached XP level 10. HP: 39/88 MP: 3/9
  9299 | D:10     | Entered Level 10 of the Dungeon
  9302 | D:10     | Received a gift from Trog
  9357 | D:10     | Noticed Snorg
  9364 | D:10     | HP: 4/135 [Snorg (19)]
  9365 | D:10     | Slain by Snorg

Skill      XL: |  1  2  3  4  5  6  7  8  9 10 |
---------------+-------------------------------+-----
Polearms       | 4 5 6 7 8 10 | 10.6
Armour         | 3 4 5 6 7 8 |  8.3
Fighting       | 4 5 6 7 8 |  8.4
Dodging        | 3 4 5 6 7 |  7.3
Crossbows      | 4 6 7 |  7.4

Action                   |  1- 3 |  4- 6 |  7- 9 | 10-12 || total
-------------------------+-------+-------+-------+-------++-------
Melee: Spear             |   128 |   133 |   197 |       ||   458
       Headbutt          |    12 |    32 |    44 |     8 ||    96
       Glaive            |       |       |    35 |    61 ||    96
 Fire: Hand crossbow     |       |       |   177 |    34 ||   211
Invok: Berserk           |     1 |     2 |     2 |     1 ||     6
       Burn Spellbooks   |       |     1 |     1 |       ||     2
       Trog's Hand       |       |       |       |     1 ||     1
 Stab: Confused          |       |       |     1 |       ||     1
  Eat: Bread ration      |     1 |       |       |       ||     1
       Chunk             |       |     7 |    14 |     7 ||    28
       Pizza             |       |       |     1 |       ||     1
Armor: Animal skin       |    11 |       |       |       ||    11
       Scale mail        |    29 |    26 |    64 |       ||   119
       Chain mail        |       |       |    56 |    33 ||    89
Dodge: Dodged            |    55 |    48 |   155 |    62 ||   320
